 Dungeon Crawl Stone Soup version 0.20-a0-754-g13ddd6e (webtiles) character file.

86242 nikopol the Impaler (level 15, -8/204 (205) HPs)
             Began as a Minotaur Berserker on Feb 25, 2017.
             Was the Champion of Trog.
             Shot with a bolt by a yaktaur (13 damage)
             ... on level 15 of the Dungeon.
             The game lasted 01:24:33 (27711 turns).

nikopol the Impaler (Minotaur Berserker)           Turns: 27711, Time: 01:24:34

HP:   -8/204 (205)  AC: 22    Str: 29    XL:     15   Next: 40%
MP:   14/14         EV: 19    Int:  4    God:    Trog [******]
Gold: 1437          SH:  0    Dex: 17    Spells: 14/14 levels left

rFire    . . .     SeeInvis +   a - +9 glaive "Minotaur's Doom" {pain, MR+}
rCold    + + +     Gourm    .   Q - +4 scale mail of the Lily {rC+++ MR+}
rNeg     . . .     Faith    .   (shield currently unavailable)
rPois    .         Spirit   .   q - +2 hat
rElec    .         Reflect  .   E - +1 cloak
rCorr    .         Harm     .   g - +1 pair of gloves
MR       +++..                  d - +0 pair of boots
Stlth    ..........             R - amulet of regeneration
Regen    0.9/turn               D - +3 ring of dexterity
MPRegen  0.2/turn               r - ring of see invisible

@: berserking (expiring), lethally poisoned (-8 -> -8), very quick
A: retaliatory headbutt, horns 2
a: Berserk, Trog's Hand, Brothers in Arms, Burn Spellbooks, Renounce Religion


You were on level 15 of the Dungeon.
You worshipped Trog.
Trog was exalted by your worship.
You were hungry.

You visited 3 branches of the dungeon, and saw 23 of its levels.
You also visited: Ice Cave.

You collected 2431 gold pieces.
You spent 994 gold pieces at shops.

Inventory:

Hand Weapons
 a - the +9 glaive "Minotaur's Doom" (weapon) {pain, MR+}
   (You bought it in a shop on level 2 of the Orcish Mines)

   In the hands of one skilled in necromantic magic, it inflicts extra damage on
   living creatures.
   It affects your resistance to hostile enchantments.
 s - a +5 longbow of velocity
 z - a +0 shortbow
 N - a +5 bardiche of venom
 V - the +6 bardiche of the Crawling Thing {elec, rElec rF+ Str+4}
   (You bought it in a shop on level 2 of the Orcish Mines)

   Occasionally, upon striking a foe, it will discharge some electrical energy
   and cause terrible harm.
   It affects your strength (+4).
   It protects you from fire.
   It insulates you from electricity.
Missiles
 u - 420 arrows (quivered)
Armour
 d - a +0 pair of boots (worn)
 g - a +1 pair of gloves (worn)
 q - a +2 hat (worn)
 E - a +1 cloak (worn)
 Q - the +4 scale mail of the Lily (worn) {rC+++ MR+}
   (You found it on level 9 of the Dungeon)

   It renders you almost immune to cold.
   It affects your resistance to hostile enchantments.
 S - a +4 plate armour of fire resistance
Jewellery
 b - an uncursed ring of protection from magic
 r - a ring of see invisible (left hand)
 D - a +3 ring of dexterity (right hand)
 L - a +4 ring of intelligence
 R - an amulet of regeneration (around neck)
 W - a cursed -2 ring of protection
Wands
 j - a wand of paralysis (23/24)
 A - a wand of iceblast (10/15)
 C - a wand of paralysis (21/24)
 F - a wand of flame (17/48)
 G - a wand of scattershot (2/9)
 I - a wand of enslavement (7/24)
 P - a wand of iceblast (6/15)
 T - a wand of lightning (5/15)
Scrolls
 e - 6 scrolls of enchant weapon
 f - 2 scrolls of fog
 l - 6 scrolls of remove curse
 m - 3 scrolls of enchant armour
 n - 12 scrolls of teleportation
 o - 2 scrolls of magic mapping
 y - 3 scrolls of fear
 K - 2 scrolls of blinking
 M - 2 scrolls of vulnerability {unknown}
Potions
 i - 4 potions of brilliance
 p - a potion of ambrosia
 t - 10 potions of curing
 v - 4 potions of flight
 w - a potion of magic {unknown}
 x - 6 potions of heal wounds
 H - a potion of resistance
 J - 8 potions of agility
 O - a potion of invisibility {unknown}
Comestibles
 c - 17 bread rations
 h - 18 fruits
 k - 11 meat rations
 U - 2 royal jellies


   Skills:
 + Level 13.8 Fighting
 * Level 18.5 Polearms
 * Level 11.8 Bows
 + Level 13.5 Armour
 + Level 12.6 Dodging


You had 14 spell levels left.
You didn't know any spells.

Dungeon Overview and Level Annotations

Branches:
Dungeon (15/15)            Temple (0/1) D:7            Lair (6/6) D:11
  Swamp (0/4) Lair:3        Snake (0/4) Lair:4        Slime (0/5) Lair:5
    Orc (2/2) D:11            Elf (0/3) Orc:2        Vaults (0/5) D:14
 Depths: D:15

Altars:
Ashenzari
Cheibriados
Elyvilon
Gozag
Kikubaaqudgha
Nemelex Xobeh
Okawaru
Vehumet
Wu Jian
Xom
Zin
Beogh

Shops:
Orc:1 [!:(   Orc:2 (}!:


Innate Abilities, Weirdness & Mutations

You reflexively headbutt those who attack you in melee.
You have a pair of horns on your head.


Message History

You closely miss the anaconda. Your headbutt misses the anaconda.
The anaconda is almost dead.
The anaconda bites you.
* * * LOW HITPOINT WARNING * * *
x2 The anaconda constricts you.
You slash the tengu warrior! Your headbutt misses the tengu warrior.
The tengu warrior is severely wounded.
You feel sick.
The anaconda bites you but does no damage.
The anaconda constricts you.
The tengu warrior completely misses you.
You furiously retaliate!
You headbutt the tengu warrior!
The tengu warrior completely misses you.
The tengu warrior claws you but does no damage.
You slice the anaconda!!
You kill the anaconda!
Trog accepts your kill.
The anaconda's shape twists and changes as it dies.
The yaktaur wields an arbalest.
The yaktaur shoots a bolt.
The bolt hits you!
You die...

#.†..#...# .... #.
#'####...# .... ##.
.........#..... ###
#.. ########.#... ...
##.
.......###.########'##
#.
...........#.....o†..+
##.
...........#....Qg...#
###..
.......#.#######Q#J..#
#....
.......#.#.....#@#####
..........
.......#.#.#.#.#†#
..........
.......#...#.#.Jc#
..........
######.#####.#####
.......... #.# #.#
.......... #.# #.#
.......... ...
.......... ### '##


You could see a slime creature, 2 tengu warriors, a yaktaur, an orc warrior and
a boggart (invisible).

Vanquished Creatures
  Rupert (D:12)
  Kirke (D:14)
  An orc warlord (Orc:1)
  Nessos (Lair:6)
  Snorg (Lair:3)
  6 hydras
  A centaur warrior (D:14)
  4 catoblepae
  Erolcha (Orc:2)
  An anaconda (shapeshifter) (D:15)
  An ogre mage (Orc:2)
  6 two-headed ogres
  7 death yaks (Lair:6)
  2 skeletal warriors (D:12)
  Nergalle (Orc:2)
  2 unseen horrors
  Pikel (D:4)
  A necromancer (D:14)
  3 manticores
  10 ugly things
  2 oklob plants (Lair:2)
  3 deep elf magi
  7 orc sorcerers (Orc:2)
  A cyclops (D:13)
  2 ice statues (IceCv)
  3 black mambas
  3 centaur skeletons
  2 gargoyles
  A torpor snail (Lair:6)
  10 spiny frogs
  2 kobold demonologists
  3 rime drakes (Lair:6)
  9 komodo dragons
  7 ice devils (IceCv)
  2 polar bears
  A queen bee (shapeshifter) (D:15)
  20 blink frogs
  A hornet (D:12)
  10 trolls
  A slime creature (Lair:5)
  6 hippogriffs
  8 dream sheep
  3 shadows
  A spriggan (D:12)
  33 yaks
  18 flying skulls (D:12)
  A tarantella (shapeshifter) (D:15)
  A wraith (D:12)
  2 wyverns
  11 basilisks
  A steam dragon (D:8)
  6 vampire mosquitoes (D:15)
  A hungry ghost (D:11)
  4 wargs
  2 nagas (Lair:4)
  8 water moccasins
  An acid dragon (D:15)
  7 porcupines
  Duvessa (D:7)
  27 orc warriors
  12 ice beasts
  3 phantoms
  2 black bears
  3 sky beasts
  2 necrophages
  13 ogres
  6 wolves (Lair:6)
  11 centaurs
  An eye of draining (D:11)
  2 boggarts (D:15)
  16 crocodiles
  18 bullfrogs
  3 big kobolds
  Dowan (D:7)
  2 scorpions
  8 killer bees (D:8)
  8 wights
  3 electric eels (Lair:6)
  6 howler monkeys
  3 lava snakes (D:13)
  A centaur zombie (D:8)
  A quasit (D:13)
  8 crimson imps
  12 hounds
  10 orc priests
  5 jellies
  5 bullfrog skeletons
  4 bullfrog zombies
  3 iguanas
  30 orc wizards
  16 worker ants
  5 hell rats (Lair:2)
  2 hound skeletons
  12 adders
  8 gnolls
  6 river rats (Lair:2)
  4 shadow imps
  7 white imps (IceCv)
  8 ufetubi (IceCv)
  4 oozes
  An adder skeleton (D:4)
  2 worms
  3 dart slugs
  6 leopard geckos
  87 orcs
  3 giant cockroaches
  8 goblins
  12 hobgoblins
  10 jackals
  4 quokkas
  6 bats
  3 frilled lizards
  18 kobolds
  2 leopard gecko skeletons
  2 quokka skeletons
  A quokka zombie (D:5)
  14 rats
  2 fungi (Lair:6)
  2 plants
744 creatures vanquished.

Vanquished Creatures (collateral kills)
  An oklob plant (Lair:2)
1 creature vanquished.

Vanquished Creatures (others)
  A reaper (IceCv)
  The ghost of kal9871 the Arsonist, a journeyman HuFE of Vehumet (IceCv)
  5 dream sheep (Lair:4)
  4 humans (D:14)
  A slave (D:4)
  An orc wizard (Orc:2)
  3 white imps (IceCv)
  4 ufetubi (IceCv)
  An adder skeleton (D:8)
  An orc (D:4)
  12 fungi
  7 plants
41 creatures vanquished.

Grand Total: 786 creatures vanquished

Notes
Turn   | Place    | Note
-------+----------+-------------------------------------------
     0 | D:1      | nikopol the Minotaur Berserker began the quest for the Orb.
     0 | D:1      | Reached XP level 1. HP: 19/19 MP: 0/0
    20 | D:1      | Reached XP level 2. HP: 15/27 MP: 1/1
   307 | D:1      | Reached skill level 4 in Polearms
   369 | D:1      | Reached XP level 3. HP: 26/33 MP: 2/2
  1034 | D:2      | Reached ** piety under Trog
  1034 | D:2      | Reached XP level 4. HP: 41/41 MP: 3/3
  2397 | D:4      | Found an iron altar of Okawaru.
  2417 | D:4      | Reached *** piety under Trog
  2417 | D:4      | Reached skill level 5 in Polearms
  2417 | D:4      | Reached XP level 5. HP: 47/47 MP: 4/4
  2429 | D:4      | Reached skill level 5 in Fighting
  2600 | D:4      | Noticed Pikel
  2600 | D:4      | Noticed a slave
  2601 | D:4      | Noticed a slave
  2601 | D:4      | Noticed a slave
  2602 | D:4      | Noticed a slave
  2632 | D:4      | Killed Pikel
  2632 | D:4      | Reached skill level 7 in Polearms
  2632 | D:4      | Reached skill level 5 in Armour
  2632 | D:4      | Reached XP level 6. HP: 44/57 MP: 5/5
  2632 | D:4      | Reached XP level 7. HP: 48/62 MP: 6/6
  3298 | D:4      | Reached skill level 5 in Dodging
  3397 | D:5      | Entered Level 5 of the Dungeon
  3402 | D:5      | Found an ornate altar of the Wu Jian Council.
  3666 | D:5      | Reached **** piety under Trog
  3666 | D:5      | Reached XP level 8. HP: 70/70 MP: 7/7
  3763 | D:5      | Reached skill level 8 in Polearms
  4441 | D:6      | Found a sparkling altar of Nemelex Xobeh.
  4694 | D:6      | Reached skill level 9 in Polearms
  4732 | D:6      | Found a white marble altar of Elyvilon.
  4736 | D:6      | Found a shattered altar of Ashenzari.
  4743 | D:6      | Found a snail-covered altar of Cheibriados.
  5281 | D:7      | Found a staircase to the Ecumenical Temple.
  5302 | D:7      | Reached XP level 9. HP: 41/79 MP: 8/8
  5506 | D:7      | Received a gift from Trog
  5877 | D:7      | Noticed Duvessa
  5880 | D:7      | Noticed Dowan
  5885 | D:7      | Killed Duvessa
  5885 | D:7      | Reached skill level 10 in Polearms
  5906 | D:7      | Killed Dowan
  6712 | D:8      | Reached skill level 11 in Polearms
  6737 | D:8      | Reached ***** piety under Trog
  6913 | D:8      | Reached XP level 10. HP: 90/90 MP: 9/9
  7403 | D:9      | Received a gift from Trog
  7525 | D:9      | Got a brightly glowing scale mail
  7630 | D:9      | Noticed a two-headed ogre
  7640 | D:9      | Killed a two-headed ogre
  7904 | D:9      | Found a glowing silver altar of Zin.
  7905 | D:9      | Found an opulent altar of Gozag.
  8035 | D:9      | Identified the +4 scale mail of the Lily {rC+++ MR+} (You found it on level 9 of the Dungeon)
  8056 | D:10     | Entered Level 10 of the Dungeon
  8292 | D:10     | Reached skill level 12 in Polearms
  8545 | D:10     | Reached skill level 1 in Bows
  8602 | D:11     | Noticed an unseen horror
  8608 | D:11     | Killed an unseen horror
  8879 | D:10     | Reached skill level 10 in Fighting
  8979 | D:11     | Reached XP level 11. HP: 83/99 MP: 10/10
  9851 | D:11     | Found a roughly hewn altar of Beogh.
  9855 | D:11     | Found a staircase to the Orcish Mines.
  9905 | D:11     | Reached skill level 13 in Polearms
 10082 | D:11     | Noticed a two-headed ogre
 10088 | D:11     | Killed a two-headed ogre
 10129 | D:11     | Found a staircase to the Lair.
 11114 | Lair:1   | Entered Level 1 of the Lair of Beasts
 11118 | Lair:1   | Reached skill level 10 in Armour
 11234 | Lair:1   | Reached skill level 5 in Bows
 11247 | Lair:1   | Found a frozen archway.
 11289 | IceCv    | Entered an ice cave
 11329 | IceCv    | Received a gift from Trog
 11419 | IceCv    | Killed kal9871's ghost
 11423 | IceCv    | Reached skill level 14 in Polearms
 11491 | IceCv    | Killed a reaper
 11556 | IceCv    | Reached XP level 12. HP: 52/107 MP: 11/11
 12944 | Lair:2   | Noticed a five-headed hydra
 12955 | Lair:2   | Killed a six-headed hydra
 13233 | Lair:2   | Noticed an eight-headed hydra
 13243 | Lair:2   | Killed a ten-headed hydra
 13379 | Lair:2   | Reached skill level 10 in Dodging
 14131 | Lair:2   | Reached skill level 15 in Polearms
 16664 | Lair:3   | Noticed Snorg
 16682 | Lair:3   | Killed Snorg
 17125 | Lair:3   | Noticed an eight-headed hydra
 17136 | Lair:3   | Killed a ten-headed hydra
 17136 | Lair:3   | Reached XP level 13. HP: 116/116 MP: 4/12
 17290 | Lair:3   | Found a staircase to the Swamp.
 17809 | Lair:3   | Received a gift from Trog
 18029 | Lair:4   | Found a staircase to the Snake Pit.
 18456 | Lair:4   | Reached skill level 16 in Polearms
 18749 | Lair:4   | Found a shimmering altar of Xom.
 19505 | Lair:5   | Found a staircase to the Slime Pits.
 19882 | Lair:5   | Got a jewelled lajatang
 20150 | Lair:6   | Entered Level 6 of the Lair of Beasts
 20692 | Lair:6   | Received a gift from Trog
 21304 | Lair:6   | Reached skill level 17 in Polearms
 21336 | Lair:6   | Received a gift from Trog
 21387 | Lair:6   | Reached XP level 14. HP: 122/126 MP: 4/13
 21732 | Lair:6   | Noticed Nessos
 21745 | Lair:6   | Killed Nessos
 22027 | Lair:6   | Received a gift from Trog
 22320 | Orc:1    | Entered Level 1 of the Orcish Mines
 22322 | Orc:1    | Found Ygonofonyw's Antique Weapon Emporium.
 22480 | Orc:1    | Found Gunab's Book Shop.
 22552 | Orc:2    | Entered Level 2 of the Orcish Mines
 22657 | Orc:1    | Found Efyguv's Antique Armour Boutique.
 22697 | Orc:1    | Found a roughly hewn altar of Beogh.
 22746 | Orc:1    | Found Hisyff's Distillery.
 22852 | Orc:2    | Found a staircase to the Elven Halls.
 23013 | Orc:2    | Found a roughly hewn altar of Beogh.
 23288 | Orc:2    | Reached ****** piety under Trog
 23748 | Orc:2    | Found Rupueg's Distillery.
 23754 | Orc:2    | Received a gift from Trog
 23850 | Orc:2    | Noticed Nergalle
 23866 | Orc:2    | Killed Nergalle
 23878 | Orc:2    | Found an ancient bone altar of Kikubaaqudgha.
 24009 | Orc:2    | Noticed Erolcha
 24038 | Orc:2    | Killed Erolcha
 24038 | Orc:2    | Reached skill level 10 in Bows
 24091 | Orc:2    | Found a roughly hewn altar of Beogh.
 24091 | Orc:2    | Found Jinwyuckoi's Book Boutique.
 24092 | Orc:2    | Found Zaaclim's Antique Weapon Shop.
 24119 | Orc:2    | Found a radiant altar of Vehumet.
 24134 | Orc:2    | Found Vykhly's Gadget Boutique.
 24146 | Orc:2    | Bought a faintly glowing bardiche for 546 gold pieces
 24146 | Orc:2    | Bought an ichor-stained glaive for 448 gold pieces
 24262 | Orc:2    | Received a gift from Trog
 24283 | Orc:2    | Identified the +6 bardiche of the Crawling Thing {elec, rElec rF+ Str+4} (You bought it in a shop on level 2 of the Orcish Mines)
 24284 | Orc:2    | Identified the +9 glaive "Minotaur's Doom" {pain, MR+} (You bought it in a shop on level 2 of the Orcish Mines)
 24345 | Orc:1    | Noticed an orc warlord
 24358 | Orc:1    | Killed an orc warlord
 24525 | D:12     | Received a gift from Trog
 24871 | D:12     | Noticed Rupert
 24884 | D:12     | Killed Rupert
 24996 | D:12     | Reached skill level 18 in Polearms
 25928 | D:13     | Reached XP level 15. HP: 135/135 MP: 14/14
 26329 | D:14     | Noticed Kirke
 26344 | D:14     | Killed Kirke
 26461 | D:14     | Found a gate to the Vaults.
 26705 | D:14     | Received a gift from Trog
 27258 | D:15     | Entered Level 15 of the Dungeon
 27699 | D:15     | Received a gift from Trog
 27709 | D:15     | HP: 8/204 [anaconda (shapeshifter) (6)]
 27711 | D:15     | Shot with a bolt by a yaktaur

Vault maps used:
D:1:      co_arrival_square_in_a_square_in_a_square, minmay_pentomino_t4
D:4:      old_standard_altar, first_bread, minmay_stone_trees_large,
          kennysheep_boxes, uniq_pikel
D:5:      lemuel_round_altar
D:6:      minitemple, nemelex_spade_bored_becter
D:7:      minmay_temple_entry_glass, uniq_duvessa
D:9:      grunt_temple_overflow_gold_and_silver
D:11:     lair_entry_dummy, david_orc_5
D:12:     the_bakery, minmay_misc_feat_nine_boxes,
          minmay_guarded_unrand_skullcrusher, uniq_rupert
D:13:     disabler_island
D:14:     david_vaults_1, corexii_hall_statues_l, uniq_kirke
D:15:     gammafunk_enter_depths_forms, minmay_misc_feat_ornament, basic_altar
Lair:1:   portal_ice_cave_entry_ice_beasts, grunt_megastairs_4
Lair:2:   kennysheep_abandoned_house, minmay_lair_oklob_chamber
Lair:3:   swamp_mist, uniq_snorg
Lair:4:   guppyfry_snake_entry_island, kb_xom_exploding_sheep
Lair:5:   minmay_slime_entry_pillars, serial_bayou_lagoon_a
Lair:6:   evilmike_catoblepas_cave, serial_bayou_lake_a, uniq_nessos
Orc:1:    basic_altar, serial_shops, shop, nicolae_shop_trees, shop,
          nicolae_shop_stone
Orc:2:    kennysheep_orc_mage_school, basic_altar
IceCv:    ice_cave_small_demon

Skill      XL: |  1  2  3  4  5  6  7  8  9 10 11 12 13 14 |
---------------+-------------------------------------------+-----
Polearms       | 4 5 7 9 11 12 14 15 17 18 | 18.5
Fighting       | 4 5 6 7 8 10 11 12 13 | 13.8
Armour         | 3 5 6 7 9 10 11 12 13 | 13.5
Dodging        | 3 4 5 6 7 8 9 10 11 12 | 12.6
Bows           | 2 5 7 8 11 | 11.8

Action                   |  1- 3 |  4- 6 |  7- 9 | 10-12 | 13-15 || total
-------------------------+-------+-------+-------+-------+-------++-------
Melee: Spear             |    87 |    47 |       |       |       ||   134
       Headbutt          |    10 |    14 |    65 |   144 |   200 ||   433
       Trident           |       |    79 |   402 |   540 |       ||  1021
       Halberd           |       |       |       |   155 |   371 ||   526
       Glaive            |       |       |       |       |   467 ||   467
 Fire: Shortbow          |       |       |       |   303 |   603 ||   906
       Longbow           |       |       |       |       |     4 ||     4
Invok: Berserk           |       |     1 |       |     7 |     4 ||    12
       Burn Spellbooks   |       |       |       |     3 |       ||     3
       Brothers in Arms  |       |       |       |     1 |       ||     1
Evoke: Wand              |       |       |       |       |     1 ||     1
  Use: Scroll            |       |       |     8 |    12 |    10 ||    30
       Potion            |       |       |     1 |       |       ||     1
 Stab: Petrified         |       |       |       |       |     1 ||     1
       Paralysed         |       |       |       |       |     3 ||     3
  Eat: Chunk             |       |     5 |    16 |    27 |    37 ||    85
       Royal jelly       |       |       |       |     5 |       ||     5
       Fruit             |       |       |       |     3 |       ||     3
Armor: Animal skin       |     4 |       |       |       |       ||     4
       Scale mail        |    13 |    41 |    25 |   179 |   258 ||   516
       Crystal plate arm |       |       |   158 |    24 |       ||   182
Dodge: Dodged            |    28 |    38 |   121 |   343 |   547 ||  1077
